Unix xNetHack Version 7.1.0 - last build Jun 10 2022 16:52:22 (33bbff3b7d1ce07880d5c4b1c5efc7e91935e5b9). Game began 2022-06-29 22:33:37, ended 2022-06-29 23:17:57. nmlkj, chaotic male human Wizard ------------------------ |........^^^^^^^^^^^^..| |..-------------------.| ----.| ----- |.| |..|.-- --...| |.| |%.0..|--|.0..| |.| |.0...|..|.00.| |.| --0...|0....0-- |.| |...0...|0..| ------|.| |....|..|%0.| --|.....|.| |...0---|0..| |.+.....|.| |....@j.|..-- |-|.....|.| ----.0..|.-- |.+.....+.| ---.--.| |-|.....|-- |.....| |~+.....| |>.|..| --|.....| ------- ------- Nmlkj the Thaumaturge St:15 Dx:12 Co:14 In:16 Wi:10 Ch:11 Chaotic S:2617 Dlvl:2 $:599 HP:0(52) Pw:62(62) AC:7 Xp:6/437 T:3915 Latest messages: You feel slightly confused. You can't seem to think straight. You fail to cast the spell correctly. You feel less confused now. You are too impaired to cast a spell. What do you want to use or apply? Never mind. Air currents pull you down into a hole! You feel incredibly sick. You feel a bit steadier now. You are about to vomit. You vomit! You feel less confused now. You can move again. You see here a heavy iron ball (chained to you). With great effort, you climb up the stairs. You are beginning to feel hungry. With great effort you move the boulder. You see here a heavy iron ball (chained to you). With great effort you move the boulder. Z - a pine wand {7}. With great effort you move the boulder. With great effort you move the boulder. You try to move the boulder, but in vain. You try to move the boulder, but in vain. You try to move the boulder, but in vain. You try to move the boulder, but in vain. You try to move the boulder, but in vain. With great effort you move the boulder. The boulder falls into and plugs a hole in the floor! You see here a heavy iron ball (chained to you). In what direction? l The spell hits the blue jelly. You see here a heavy iron ball (chained to you). Wizard needs food, badly! Yak - dog food! You no longer feel hungry. You finish eating the tripe ration. With great effort you move the boulder. You miss the blue jelly. You punch the blue jelly. You punch the blue jelly. You are suddenly very cold! You punch the blue jelly. You punch the blue jelly. You are suddenly very cold! You punch the blue jelly. You miss the blue jelly. You are suddenly very cold! You die... Major events: Turn 1: nmlkj the chaotic male human Wizard entered the dungeon 577: attained the rank of Conjurer (level 3) 1706: entered Sokoban 2070: attained the rank of Thaumaturge (level 6) 2184: completed sokoban 1 2747: completed sokoban 2 3433: completed sokoban 3 3915: killed by a blue jelly Inventory: Inventory: 714/775 weight (40/52 slots) Coins $ - 599 gold pieces {6} Weapons j - 2 +0 darts (at the ready) {2} a - a blessed +1 quarterstaff {40} w - a blessed +0 wooden glaive {28} Armor m - an uncursed +0 orcish helm (being worn) {23} z - a blessed +1 pair of low boots (being worn) {8} b - a cursed -1 cloak of magic resistance (being worn) {8} Comestibles i - 3 uncursed food rations {60} X - an uncursed partly eaten food ration {16} N - an uncursed melon {5} T - an uncursed tripe ration {10} Scrolls G - an uncursed scroll of create monster {5} P - an uncursed scroll of earth {5} O - a cursed scroll of earth {5} D - a blessed scroll of punishment {5} E - an uncursed scroll of punishment {5} Spellbooks p - an uncursed spellbook of confuse monster {40} c - a blessed spellbook of force bolt {35} e - an uncursed spellbook of healing {35} d - a blessed spellbook of magic missile {40} f - an uncursed spellbook of sleep {45} x - an uncursed spellbook of turn undead {40} Potions I - an uncursed potion of booze {20} J - an uncursed potion of fruit juice {20} A - an uncursed potion of gain level {20} g - an uncursed potion of hallucination {20} B - a blessed potion of healing {20} s - 2 uncursed potions of healing {40} o - an uncursed potion of levitation {20} k - an uncursed potion of monster detection {20} y - an uncursed potion of oil {20} Rings q - a blessed +4 ring of carrying {3} F - an uncursed ring of cold resistance {3} S - an uncursed ring of regeneration {3} W - an uncursed ring of warning {3} Wands Z - a wand of fire (0:4) {7} n - a wand of locking (0:7) {7} H - a wand of probing (0:4) {7} M - a wand of secret door detection (0:12) {7} V - a wand of slow monster (0:4) {7} Gems/Stones r - an uncursed worthless piece of white glass {1} Nmlkj the Wizard's attributes: Background: You were a Thaumaturge, a level 6 male human Wizard. You were chaotic, on a mission for Anhur who was opposed by Ptah (lawful) and Thoth (neutral). You were heterosexual. You were in Sokoban, on level 2. You entered the dungeon 3915 turns ago. It was nighttime. There was a new moon in effect when your adventure ended. You had 437 experience points, 203 more were needed to attain level 7. Your score was 2617 before end-of-game adjustments. Basics: You had 0 out of 52 hit points. You had all 62 energy points (spell power). Your armor class was 7. Your wallet contained 599 zorkmids. Autopickup was on for '$"?+!=/' plus thrown. Final Characteristics: Your strength was 15 (limit:18/100). Your dexterity was 12 (limit:18). Your constitution was 14 (limit:18). Your intelligence was 16 (limit:18). Your wisdom was 10 (limit:18). Your charisma was 11 (limit:18). Final Status: You were chained to a heavy iron ball. You were not hungry. You were unencumbered. You were bare handed. You were unskilled in bare handed combat. Final Attributes: You were piously aligned. You were magic-protected. You were warded. You are dead. Miscellaneous: You never encountered a bones level. Total elapsed playing time was 44 minutes and 20 seconds. Vanquished creatures: 2 leprechauns a dust vortex a soldier ant a wood nymph a rock mole a yellow light 2 shriekers a kitten a homunculus 8 hill orcs a rabid rat a giant bat an orc zombie an iguana an acid blob 2 coyotes a gas spore a manes a large kobold 2 giant rats a green mold a red mold 4 gnomes 2 garter snakes 4 jackals a fox 3 kobolds 2 goblins a sewer rat 3 grid bugs 2 bats 2 lichens 5 newts 62 creatures vanquished. No species were genocided or became extinct. Voluntary challenges: You read items or engraved 2 times. You never genocided any monsters. You never polymorphed an object. You never changed form. You never touched an artifact. You used no wishes. You never scared an enemy with impunity. You were celibate. You never generated conflict. You violated the special Sokoban rules once. Achievements: You attained the rank of Conjurer. You entered Sokoban. You attained the rank of Thaumaturge. The Dungeons of Doom: levels 1 to 6 Level 1: A fountain, a tree. Level 2: A fountain. Level 3: Level 4: An altar, some fountains, a grave. Level 5: Many fountains, many trees. Oracle of Delphi. Level 6: Stairs up to Sokoban, level 5. Sokoban: levels 5 up to 2 Level 2: <- You were here. Unsolved. Final resting place for you, killed by a blue jelly. Level 3: Solved. Level 4: Solved. Level 5: Solved. Game over: __________ / \ / REST \ / IN \ / PEACE \ / \ | nmlkj | | 599 Au | | killed by a blue | | jelly | | | | | | 2022 | *| * * * | * _________)/\\_//(\/(/\)/\//\/|_)_______ Goodbye nmlkj the Wizard... You died in Sokoban on dungeon level 2 with 2558 points, and 599 pieces of gold, after 3915 moves. You were level 6 with a maximum of 52 hit points when you died.